[Event "Fast Chess"]
[Site "ChessKid.com"]
[Date "2020.03.28"]
[Round "3"]
[White "Dai, Lana"]
[Black "Sasse, Gabriel"]
[Result "1-0"]
[ECO "C28"]
[WhiteElo "1114"]
[BlackElo "1149"]
[PlyCount "61"]
[EventDate "2020.??.??"]
[TimeControl "900"]
[WhiteClock "0:12:06"]
[BlackClock "0:10:02"]

1. e4 e5 2. Nc3 Nf6 3. Bc4 Bc5 4. d3 Nc6 5. Bg5 Be7 6. Nf3 h6 7. Be3 Ng4 8. Bd2 Bc5 9. d4 exd4 10. Nd5 d3 11. Ne3 dxc2 12. Qxc2 Nxe3 13. Bxe3 Bb4+ 14. Bd2 Bxd2+ 15. Qxd2 O-O 16. e5 d6 17. Qe3 Re8 18. Qd2 Nxe5 19. Nxe5 Rxe5+ 20. Be2 b6 21. O-O Rh5 22. Bxh5 Qf6 23. Bf3 Qg6 24. Bxa8 Bh3 25. Rae1 c6 26. Re8+ Kh7 27. Bxc6 d5 28. Bxd5 Qg4 29. Be4+ g6 30. Qd8 f5 31. Qe7# {
[%emt 0:00:09] TopBrownCave won by checkmate} 1-0

[Event "Fast Chess"]
[Site "ChessKid.com"]
[Date "2020.03.29"]
[Round "1"]
[White "Rosenkranz, Benjamin"]
[Black "Georgiev, Maximilian"]
[Result "0-1"]
[ECO "C66"]
[WhiteElo "1162"]
[BlackElo "1266"]
[PlyCount "98"]
[EventDate "2020.??.??"]
[TimeControl "300+10"]
[WhiteClock "0:02:54"]
[BlackClock "0:00:30"]

1. e4 e5 2. Nf3 Nc6 3. Nc3 Nf6 4. Bb5 d6 5. O-O a6 6.
Bxc6+ bxc6 7. d3 Bg4 8. Bg5 h6 9. Bd2 Be7 10. h3 Bh5 11. Qe2 O-O 12. Qe3 d5 13. exd5 cxd5 14. Qxe5 Bd6 15. Qe3 Be7 16. Nh4 d4 17. Qf4 dxc3 18. Bxc3 Nd5 19. Qd4 Nxc3 20. Qxd8 Ne2+ 21. Kh2 Bxd8 22. Nf5 Nf4 23. g4 Bg6 24. Nd4 Ne6 25. Nxe6 fxe6 26. Rae1 Re8 27. Re5 c6 28. Rfe1 Bc7 29. f4 Bxe5 30. fxe5 Rab8 31. g5 hxg5 32. c3 Bxd3 33. Re3 Bg6 34. Rf3 Rf8 35. Rg3 Rf2+ 36. Kg1 Rfxb2 37. Rg2 Rxg2+ 38. Kxg2 Rb2+ 39. Kg3 Rxa2 40. h4 gxh4+ 41. Kxh4 c5 42. Kg5 Bc2 43. Kf4 a5 44. Ke3 a4 45. Kd2 Bh7+ 46. Kc1 Rh2 47. Kd1 a3 48. Ke1 a2 49. Kf1 a1=Q# {[%emt 0:00:11] TallSnazzyBall won by checkmate} 0-1

[Event "Fast Chess"]
[Site "ChessKid.com"]
[Date "2020.03.29"]
[Round "2"]
[White "Georgiev, Maximilian"]
[Black "Sasse, Gabriel"]
[Result "1/2-1/2"]
[ECO "C48"]
[WhiteElo "1264"]
[BlackElo "1190"]
[PlyCount "110"]
[EventDate "2020.??.??"]
[TimeControl "300+10"]
[WhiteClock "0:02:43"]
[BlackClock "0:03:08"]

1. e4 e5 2. Nf3 Nc6 3. Bb5 Bc5 4. Nc3 Nf6 5. h3 h6 6. O-O O-O 7. d3 d6 8. a3 a6 9. Ba4 b5 10. Bb3 b4 11. axb4 Bxb4 12. Nd5 Nxd5 13. Bxd5 Bb7 14. c3 Bc5 15. b4 Bb6 16. c4 Qb8 17. Be3 Bxe3 18.
fxe3 Nxb4 19. Bxb7 Qxb7 20. Rb1 a5 21. Rf2 c5 22. Rc2 a4 23. d4 exd4 24. exd4 Nxc2 25. Rxb7 cxd4 26. Qxc2 Rfb8 27. Rxb8+ Rxb8 28.
Nxd4 Ra8 29. Nb5 a3 30. Nxa3 Rxa3 31. Qb2 Re3 32. Qd2 Rxe4 33. Qxd6 Rxc4 34. Qb8+ Kh7 35. Qb1+ Kg8 36. Kf2 Rf4+ 37. Kg3 Rf6 38. h4 g5 39. h5 Kg7 40. Qe4 Re6 41. Qd5 Re3+ 42. Kf2 Re6 43.
Qf5 Rf6 44. g4 Rxf5+ 45. gxf5 Kf6 46. Kg3 Kxf5 47. Kh3 Kf4 48. Kg2 g4 49. Kf2 g3+ 50. Kg2 Kg4 51. Kg1 f5 52. Kg2 f4 53. Kh1 f3 54. Kg1 f2+ 55. Kf1 Kf3 {[%emt 0:00:12] Game drawn by
stalemate} 1/2-1/2

[Event "Fast Chess"]
[Site "ChessKid.com"]
[Date "2020.03.29"]
[Round "2"]
[White "Hlinka, Patricia"]
[Black "Rosenkranz, Benjamin"]
[Result "1-0"]
[ECO "C24"]
[WhiteElo "1065"]
[BlackElo "1148"]
[PlyCount "47"]
[EventDate "2020.??.??"]
[TimeControl "300+10"]
[WhiteClock "0:02:15"]
[BlackClock "0:02:59"]

1. e4 e5 2. Bc4 Nf6 3. d3 d5 4. exd5 Nxd5 5. h4 Nf4 6. Bxf4 exf4 7. Qh5 Qe7+ 8. Ne2 Nc6 9. Nbc3 Nb4 10. Rc1 Be6 11. Qb5+ Bd7 12. Qh5 O-O-O 13. a3 Nc6 14. Nd5 Qe5 15. Qxf7 Re8 16. O-O Qxe2 17. Rfe1 Qd2 18. Rxe8+ Bxe8 19. Qxe8+ Nd8 20. Rf1 Qxc2 21.
Bb5 Qxb2 22. Qd7+ Kb8 23. Qxc7+ Ka8 24. Qc8# {
[%emt 0:00:10] NeatBouncyCone won by checkmate} 1-0

[Event "Fast Chess"]
[Site "ChessKid.com"]
[Date "2020.03.29"]
[Round "3"]
[White "Hlinka, Patricia"]
[Black "Georgiev, Maximilian"]
[Result "0-1"]
[ECO "C20"]
[WhiteElo "1061"]
[BlackElo "1268"]
[PlyCount "50"]
[EventDate "2020.??.??"]
[TimeControl "300+10"]
[WhiteClock "0:03:23"]
[BlackClock "0:02:21"]

1. e4 e5 2. d3 Nc6 3. d4 exd4 4. Bc4 Nf6 5. Bf4 Nxe4 6. Qh5 g6 7. Qd5 Qe7 8. Bxc7 Nc3+ 9. Qe5 Nxe5 10. Bxe5 Qxe5+ 11. Kf1 Ne4 12. h4 Nf6 13. f4 Qxf4+ 14. Ke1 Bb4+ 15. Kd1 Qf2 16. Nh3 Qxg2 17. Re1+ Kf8 18. Nf4 Qf3+ 19. Be2 Qxf4 20. Bf1 Bxe1 21. Kxe1 Qe3+ 22. Kd1 Qf2 23. Bb5 Ng4 24. c4 Ne3+ 25. Kc1 Qe1# {[%emt 0:00:11] TallSnazzyBall
won by checkmate} 0-1

[Event "Fast Chess"]
[Site "ChessKid.com"]
[Date "2020.03.29"]
[Round "3"]
[White "Sasse, Gabriel"]
[Black "Rosenkranz, Benjamin"]
[Result "1-0"]
[ECO "C44"]
[WhiteElo "1197"]
[BlackElo "1139"]
[PlyCount "83"]
[EventDate "2020.??.??"]
[TimeControl "300+10"]
[BlackClock "0:01:56"]

1. e4 e5 2. Nf3 Nc6 3. Ng1 Nf6 4. Nf3 Nxe4 5. Bc4 Bd6 6.
Nc3 Nxc3 7. dxc3 O-O 8. O-O Bc5 9. Nh4 d6 10. Bd3 Re8 11.
Qh5 Kf8 12. Bg5 Qd7 13. Bf5 Re6 14. Bxe6 Qxe6 15. Qxh7 Ke8 16. Qh8+ Kd7 17. Qxg7 Ke8 18. Qg8+ Kd7 19. Nf3 b6 20. Bh4 Rb8 21. Ng5 Qe7 22. Nf3 Qe8 23. Qxe8+ Kxe8 24. g4 Ba6 25. Rfd1 e4 26. Ng5 Be2 27. Re1 Bc4 28. Nxe4 Ne5 29. Bf6 Nxg4 30. Nxc5+ Kf8 31. Nd7+ Kg8 32. Nxb8 Nxf6 33. Nc6 Ng4 34. Re4 Bd5 35. Rxg4+ Kh7 36. Ne7 Kh6 37. Kf1 Kh5 38. Rg8 f6 39. Ke2 Bxg8 40. Nxg8 d5 41. Ke3 f5 42. Kf4 {[%emt 0:00:11]
LimeFarActor won on time} 1-0

[Event "Fast Chess"]
[Site "ChessKid.com"]
[Date "2020.03.30"]
[Round "1"]
[White "Rosenkranz, Benjamin"]
[Black "Horvath, Alexander"]
[Result "0-1"]
[ECO "C42"]
[WhiteElo "1154"]
[BlackElo "1337"]
[PlyCount "36"]
[EventDate "2020.??.??"]
[TimeControl "600"]
[WhiteClock "0:07:59"]
[BlackClock "0:07:24"]

1. e4 e5 2. Nf3 Nf6 3. Nxe5 d6 4. Nf3 Nxe4 5. Nc3 Nxc3 6.
dxc3 Nc6 7. Qd5 Be6 8. Qe4 d5 9. Qa4 Bd7 10. Qf4 Bd6 11. Qd2 Bg4 12. Be2 Qe7 13. O-O Bxf3 14. Bxf3 O-O 15. Qxd5 Qh4 16. Re1 Qxh2+ 17. Kf1 Rfe8 18. Rd1 Qh1# {[%emt 0:00:06] KeenOrangeTeeth won by
checkmate} 0-1

[Event "Fast Chess"]
[Site "ChessKid.com"]
[Date "2020.03.30"]
[Round "1"]
[White "Li, Tobias"]
[Black "Li, Patrick"]
[Result "1-0"]
[ECO "C43"]
[WhiteElo "1327"]
[BlackElo "925"]
[PlyCount "49"]
[EventDate "2020.??.??"]
[TimeControl "600"]
[WhiteClock "0:06:29"]
[BlackClock "0:08:03"]

1. e4 e5 2. Nf3 Nc6 3. d4 Nf6 4. dxe5 Nxe4 5. Bd3 Nc5 6.
Nc3 Be7 7. O-O O-O 8. h3 Ne6 9. Re1 Nf4 10. Bxf4 d6 11. exd6 Bxd6 12. Bxd6 Qxd6 13. Be2 Qf6 14. Qd3 Nb4 15. Qd2 Bf5 16. Rac1 Nxc2 17. Rxc2 Bxc2 18. Qxc2 Qe6 19. Bd3 Qxa2 20. Nxa2 Rae8 21. Bxh7+ Kh8 22. Rxe8 Rxe8 23. Ng5 Re1+ 24. Kh2 Ra1 25. Nxf7# {[%emt 0:00:03] OnlyHungryKiwi won by checkmate}
1-0

[Event "Fast Chess"]
[Site "ChessKid.com"]
[Date "2020.03.30"]
[Round "2"]
[White "Horvath, Alexander"]
[Black "Li, Tobias"]
[Result "0-1"]
[ECO "C58"]
[WhiteElo "1324"]
[BlackElo "1367"]
[PlyCount "32"]
[EventDate "2020.??.??"]
[TimeControl "600"]
[WhiteClock "0:07:53"]
[BlackClock "0:06:41"]

1. e4 e5 2. Nf3 Nc6 3. Bc4 Nf6 4. Ng5 d5 5. exd5 Na5 6.
Bd3 Nxd5 7. Ne4 Bf5 8. Nbc3 Nf4 9. O-O Nxd3 10. cxd3 Qxd3 11. Nc5 Bxc5 12. Qa4+ Nc6 13. Re1 O-O 14. Qb3 Qd4 15. Qxb7 Qxf2+ 16. Kh1 Qxe1# {[%emt 0:00:02] OnlyHungryKiwi won by checkmate}
0-1

[Event "Fast Chess"]
[Site "ChessKid.com"]
[Date "2020.03.30"]
[Round "2"]
[White "Li, Patrick"]
[Black "Rosenkranz, Benjamin"]
[Result "0-1"]
[ECO "C55"]
[WhiteElo "914"]
[BlackElo "1159"]
[PlyCount "54"]
[EventDate "2020.??.??"]
[TimeControl "600"]
[WhiteClock "0:04:39"]
[BlackClock "0:05:56"]

1. e4 e5 2. Nf3 Nc6 3. Nc3 Nf6 4. Bc4 Be7 5. Ng5 d5 6.
exd5 O-O 7. dxc6 bxc6 8. Nxf7 Qd4 9. b3 Bb4 10. Nd6+ Kh8 11.
Nf5 Bxf5 12. O-O Bxc3 13. dxc3 Qxc3 14. Rb1 Qd4 15. Bb2 Qxd1 16. Rbxd1 Rfe8 17. Ba6 Bxc2 18. Rd2 Bf5 19. Bb7 Rad8 20. Rxd8 Rxd8 21. Bxc6 Rd2 22. Bxe5 Ne4 23. Bxe4 Bxe4 24. Bxc7 Rxa2 25. Re1 a6 26. Rxe4 Ra1+ 27. Re1 Rxe1# {[%emt 0:00:04] FineBeamingStage won by checkmate} 0-1

[Event "Fast Chess"]
[Site "ChessKid.com"]
[Date "2020.03.30"]
[Round "3"]
[White "Li, Tobias"]
[Black "Rosenkranz, Benjamin"]
[Result "0-1"]
[ECO "C45"]
[WhiteElo "1317"]
[BlackElo "1174"]
[PlyCount "28"]
[EventDate "2020.??.??"]
[TimeControl "600"]
[WhiteClock "0:06:46"]
[BlackClock "0:08:13"]

1. e4 e5 2. Nf3 Nc6 3. d4 exd4 4. Nxd4 Nxd4 5. Qxd4 d6 6.
Bd3 Be6 7. Nc3 Qd7 8. O-O O-O-O 9. Bg5 Ne7 10. h3 Bxh3 11. Bxe7 Bxe7 12. gxh3 Qxh3 13. Qxg7 Rhg8 14. Qxg8 Rxg8# {[%emt 0:00:08] FineBeamingStage won by checkmate} 0-1

[Event "Fast Chess"]
[Site "ChessKid.com"]
[Date "2020.03.30"]
[Round "3"]
[White "Li, Patrick"]
[Black "Horvath, Alexander"]
[Result "1-0"]
[ECO "C55"]
[WhiteElo "963"]
[BlackElo "1300"]
[PlyCount "111"]
[EventDate "2020.??.??"]
[TimeControl "600"]
[BlackClock "0:01:57"]

1. e4 e5 2. Nf3 Nc6 3. Nc3 Nf6 4. Bc4 Nh5 5. Ng5 Qxg5 6.
d4 Qxg2 7. Rf1 Nf4 8. Bxf4 exf4 9. Qh5 g6 10. Qd5 Nb4 11. Qxf7+ Kd8 12. O-O-O Bh6 13. Nd5 Nxd5 14. Bxd5 f3+ 15. Kb1 c6 16. Bxc6 dxc6 17. Qf6+ Kc7 18. Qxh8 Qg5 19. Qxh7+ Kb6 20. Rg1 Qf4 21.
Rxg6 Bf8 22. Rgg1 Be6 23. a3 Rd8 24. Qh8 Be7 25. Qe5 Qf7 26.
Qg3 Ba2+ 27. Ka1 Bd6 28. b3 Bxb3 29. cxb3 Qxb3 30. Rb1 Qxb1+ 31. Rxb1+ Kc7 32. Qxf3 Bxh2 33. Qf7+ Kc8 34.
Qf5+ Kb8 35. Rh1 Bc7 36. Qf6 Ba5 37. Rh8 Rxh8 38. Qxh8+ Kc7 39. Qg7+ Kb6 40. Qe5 a6 41. d5 cxd5 42. exd5 Ka7 43. d6 Ka8 44. d7 Ka7 45. Qxa5 b6 46. d8=Q bxa5 47. Qxa5 Kb7 48. Qa4 Ka7 49. Qxa6+ Kxa6 50. f4 Kb6 51. f5 Kc6 52. a4 Kd7 53. a5 Ke7 54. a6 Kf6 55. a7 Kxf5 56. a8=Q {[%emt 0:00:04] WideClassyQuiz won on time} 1-0

[Event "Fast Chess"]
[Site "ChessKid.com"]
[Date "2020.03.31"]
[Round "1"]
[White "Li, Patrick"]
[Black "Sasse, Gabriel"]
[Result "1-0"]
[ECO "C55"]
[WhiteElo "1006"]
[BlackElo "1208"]
[PlyCount "39"]
[EventDate "2020.??.??"]
[TimeControl "180"]
[WhiteClock "0:01:05"]
[BlackClock "0:01:29"]

1. e4 e5 2. Nf3 Nc6 3. Nc3 Bc5 4. Bc4 Nf6 5. Ng5 d5 6.
exd5 Nxd5 7. Nxf7 Qd7 8. Nxh8 Qf5 9. O-O Bd6 10. h3 Qf4 11.
d3 Qf8 12. Bxd5 Qxh8 13. Bxc6+ Bd7 14. Bxd7+ Kxd7 15. Bg5 Qe8 16. Qg4+ Kc6 17. b4 Qg6 18. Be3 a6 19. a4 b5 20. axb5+ {[%emt 0:00:02] WideClassyQuiz won on
time} 1-0

[Event "Fast Chess"]
[Site "ChessKid.com"]
[Date "2020.03.31"]
[Round "2"]
[White "Li, Patrick"]
[Black "Hlinka, Patricia"]
[Result "0-1"]
[ECO "C40"]
[WhiteElo "989"]
[BlackElo "1102"]
[PlyCount "60"]
[EventDate "2020.??.??"]
[TimeControl "180"]
[WhiteClock "0:00:10"]
[BlackClock "0:00:02"]

1. e4 e5 2. Nf3 f6 3. Nc3 d6 4. Bc4 Nh6 5. O-O d5 6. exd5 c6 7. dxc6 bxc6 8.
d4 e4 9. Nh4 f5 10. Re1 e3 11. Rxe3+ Kd7 12. Re5 Kd6 13. Bd5 Kc7 14. Bc4 Nf7 15. Re4 fxe4 16. Nxe4 c5 17. Bd5 Qxd5 18. Bf4+ Kb7 19. h3 Qxe4 20. Qd2 Qxd4 21. Qxd4 cxd4 22. Bxb8 Rxb8 23. Rd1 Bc5 24. Rd3 Bf5 25. Rf3 Rbd8 26. Rxf5 Ne5 27. Rxe5 g6 28. Rxc5 Rhe8 29. Kh2 d3 30. f3 dxc2 {[%emt 0:00:04] NeatBouncyCone won on time}
0-1

[Event "Fast Chess"]
[Site "ChessKid.com"]
[Date "2020.03.31"]
[Round "2"]
[White "Georgiev, Maximilian"]
[Black "Hessenberger, Oliver"]
[Result "1-0"]
[ECO "C65"]
[WhiteElo "1362"]
[BlackElo "1054"]
[PlyCount "61"]
[EventDate "2020.??.??"]
[TimeControl "180"]
[WhiteClock "0:00:28"]
[BlackClock "0:01:42"]

1. e4 e5 2. Nf3 Nc6 3. Bb5 Nf6 4. Bxc6 dxc6 5. Nxe5 Bd6 6.
Nf3 Nxe4 7. Qe2 Bg4 8. Qxe4+ Qe7 9. Qxe7+ Bxe7 10. O-O Bxf3 11. gxf3 O-O 12. Nc3 Bb4 13. a3 Bxc3 14. dxc3 Rad8 15. Re1 Rfe8 16. Rxe8+ Rxe8 17. Bf4 Re2 18. Bxc7 a6 19. Rd1 h6 20. c4 Rxc2 21. b4 Rxc4 22. Rd8+ Kh7 23. Rb8 Rc3 24. Be5 Rxf3 25. Rxb7 Rxa3 26. Rxf7 Rb3 27. Rxg7+ Kh8 28. Rg3+ Kh7 29.
Rxb3 c5 30. bxc5 a5 31. Ra3 {[%emt 0:00:02] TallSnazzyBall won by resignation} 1-0

[Event "Fast Chess"]
[Site "ChessKid.com"]
[Date "2020.03.31"]
[Round "2"]
[White "Sasse, Gabriel"]
[Black "Li, Tobias"]
[Result "0-1"]
[ECO "C20"]
[WhiteElo "1200"]
[BlackElo "1230"]
[PlyCount "52"]
[EventDate "2020.??.??"]
[TimeControl "180"]
[WhiteClock "0:01:25"]
[BlackClock "0:01:14"]

1. e4 e5 2. Qh5 Nc6 3. Bc4 g6 4. Qf3 Nf6 5. d3 Nd4 6. Qd1 Bb4+ 7. c3 Ba5 8. b4 Bb6 9. cxd4 Bxd4 10. Qf3 Bxa1 11. Bg5 O-O 12. Bxf6 Qe8 13. Qh3 d5 14. exd5 Bxh3 15. gxh3 c6 16. dxc6 Qxc6 17. b5 Qxh1 18. Bxe5 Qxg1+ 19. Ke2 Bxe5 20. d4 Bxd4 21. Kd3 Qxf2 22. Na3 Qe3+ 23. Kc2 Qc3+ 24. Kd1 Be3 25. Nb1 Qb2 26. Na3 Qd2# {[%emt 0:00:03] OnlyHungryKiwi won by checkmate} 0-1

[Event "Fast Chess"]
[Site "ChessKid.com"]
[Date "2020.03.31"]
[Round "3"]
[White "Li, Tobias"]
[Black "Hlinka, Patricia"]
[Result "1-0"]
[ECO "C25"]
[WhiteElo "1247"]
[BlackElo "1097"]
[PlyCount "81"]
[EventDate "2020.??.??"]
[TimeControl "180"]
[WhiteClock "0:00:02"]
[BlackClock "0:01:29"]

1. e4 e5 2. Nf3 Bc5 3. Nc3 d6 4. d4 exd4 5. Nxd4 Qh4 6. Be2 Bxd4 7. Qxd4 c5 8. Qxg7 Qf6 9. Qxf6 Nxf6 10. O-O Rg8 11. h3 d5 12. Nxd5 Nxd5 13. exd5 Bf5 14. c3 Be4 15. Bf3 Bxf3 16. Kh2 Bxg2 17. Rg1 Na6 18. Rxg2 Rxg2+ 19. Kxg2 O-O-O 20. Bg5 Rxd5 21. Be3 Rd8 22. Re1 Re8 23. Kf3 f5 24. Re2 Nc7 25. Bf4 Rxe2 26. Kxe2 Ne6 27. Bh6 Kd7 28. Ke3 f4+ 29. Bxf4 Nxf4 30. Kxf4 Ke6 31. f3 c4 32. Kg4 b5 33. f4 a6 34. h4 h6 35. f5+ Kf6 36. h5 Kg7 37. a3 Kh7 38.
Kh4 Kg7 39. Kg4 Kf6 40. Kf4 Kg7 41. Ke5 {[%emt 0:
00:01] OnlyHungryKiwi won on time} 1-0

[Event "Fast Chess"]
[Site "ChessKid.com"]
[Date "2020.03.31"]
[Round "3"]
[White "Georgiev, Maximilian"]
[Black "Li, Patrick"]
[Result "1-0"]
[ECO "C65"]
[WhiteElo "1364"]
[BlackElo "984"]
[PlyCount "27"]
[EventDate "2020.??.??"]
[TimeControl "180"]
[WhiteClock "0:01:43"]
[BlackClock "0:02:14"]

1. e4 e5 2. Nf3 Nc6 3. Bb5 Nf6 4. Bxc6 dxc6 5. Nxe5 Bc5 6.
O-O Qd4 7. Nf3 Qb4 8. e5 Ng4 9. Nc3 Qf4 10. d4 Bb4 11. Bxf4 Bxc3 12. bxc3 O-O 13. e6 fxe6 14. Bxc7 {[%emt 0:00:02]
TallSnazzyBall won by resignation} 1-0

[Event "Fast Chess"]
[Site "ChessKid.com"]
[Date "2020.03.31"]
[Round "3"]
[White "Hessenberger, Oliver"]
[Black "Sasse, Gabriel"]
[Result "1-0"]
[ECO "C61"]
[WhiteElo "1130"]
[BlackElo "1190"]
[PlyCount "63"]
[EventDate "2020.??.??"]
[TimeControl "180"]
[WhiteClock "0:00:04"]
[BlackClock "0:00:07"]

1. e4 e5 2. Nf3 Nc6 3. Bb5 Nd4 4. Nxe5 Nxb5 5. O-O Qg5 6.
d4 d6 7. Nf3 Qg6 8. Nh4 Qxe4 9. Re1 Qxe1+ 10. Qxe1+ Ne7 11. Qf1 Be6 12. Qxb5+ c6 13. Qxb7 Rc8 14. Qxa7 Nd5 15. Nc3 Be7 16. Nxd5 Bxd5 17. Nf5 O-O 18. Nxe7+ Kh8 19. Nxc8 Rxc8 20. h3 Re8 21. Bf4 c5 22. Bxd6 cxd4 23. Rd1 Bc6 24. Rxd4 Bxg2 25. Bf4 Rg8 26. Qd7 h6 27. Qd8 Rxd8 28. Rxd8+ Kh7 29. Bd6 Kg6 30. Bc5 Kf5 31. Bb6 Ke4 32. Bc7 {[%emt 0:00:01] VastMellowGhost
won on time} 1-0

[Event "Fast Chess"]
[Site "ChessKid.com"]
[Date "2020.04.01"]
[Round "1"]
[White "Sasse, Gabriel"]
[Black "Georgiev, Maximilian"]
[Result "0-1"]
[ECO "C55"]
[WhiteElo "1185"]
[BlackElo "1365"]
[PlyCount "144"]
[EventDate "2020.??.??"]
[TimeControl "300+10"]
[WhiteClock "0:02:00"]
[BlackClock "0:01:26"]

1. e4 e5 2. Nf3 Nc6 3. Bc4 h6 4. Nc3 Nf6 5. h3 Bb4 6. O-O Bxc3 7. dxc3 Nxe4 8. Re1 Nf6 9. Nxe5 O-O 10. Nxc6 bxc6 11. Qf3 Rb8 12. Qg3 Bb7 13. Bxh6 g6 14. Bxf8 Qxf8 15. Qxc7 Qc8 16. Qxc8+ Rxc8 17. Re2 d5 18. Bd3 c5 19. b4 c4 20. Bxc4 dxc4 21. Re7 Bd5 22. Rxa7 Ne4 23. Rd1 Nxc3 24. Rd4 Be6 25. a3 Ne2+ 26. Kf1 Nxd4 27. Rb7 Nxc2 28. Rb6 Nxa3 29. Ke2 c3 30. Kd1 c2+ 31. Kc1 g5 32. Ra6 Bc4 33. Rxa3 Bd3 34. Ra4 f5 35. b5 Bxb5 36. Ra5 Bd3 37. Rd5 Be4 38. Re5 Kf7 39. Ra5 Kf6 40. f3 Bd3 41. g4 fxg4 42. hxg4 Rc3 43. Ra4 Be2 44. f4 Bxg4 45. fxg5+ Kxg5 46. Ra5+ Kf6 47. Ra4 Bd7 48. Rf4+ Bf5 49. Rf1 Ra3 50. Kb2 Ra8 51. Kc3 Ra1 52. Rxa1 Kg5 53. Rg1+ Kf4 54. Rf1+ Ke4 55. Re1+ Kf4 56. Rf1+ Kg5 57. Rg1+ Kf6 58. Rf1 Ke6 59. Rf2 Kf6 60. Rf1 Ke6 61. Re1+ Kd5 62. Re2 c1=Q+ 63. Kb3 Qd1+ 64. Rc2 Qxc2+ 65. Kb4 Kd4 66. Kb5 Qc1 67. Kb6 Kd5 68. Kb7 Kd6 69. Kb6 Qb1+ 70. Ka5 Kc5 71. Ka4 Qb8 72. Ka5 Qb5# {[%emt 0:00:
11] TallSnazzyBall won by checkmate} 0-1

[Event "Fast Chess"]
[Site "ChessKid.com"]
[Date "2020.04.01"]
[Round "1"]
[White "Li, Tobias"]
[Black "Hessenberger, Oliver"]
[Result "0-1"]
[ECO "C44"]
[WhiteElo "1220"]
[BlackElo "1192"]
[PlyCount "124"]
[EventDate "2020.??.??"]
[TimeControl "300+10"]
[WhiteClock "0:00:18"]
[BlackClock "0:02:08"]

1. e4 e5 2. Nf3 Nc6 3. d4 Nf6 4. dxe5 Nxe5 5. Nxe5 Bd6 6.
Nf3 Bb4+ 7. Nbd2 Bxd2+ 8. Bxd2 c6 9. Bd3 d5 10. exd5 cxd5 11.
Qe2+ Be6 12. O-O O-O 13. h3 Rc8 14. c3 Bd7 15. Bc2 Qe8 16.
Rfe1 Bb5 17. Qxe8 Rfxe8 18. Rxe8+ Rxe8 19. a4 Be2 20. Re1 g6 21. Bg5 Nh5 22. Bd3 Ng7 23. Rxe2 Rxe2 24. Bxe2 Nf5 25. Ne5 Kg7 26. Nd7 Nd6 27. Bf6+ Kg8 28. Nc5 b6 29. Nb3 Ne4 30. Bd4 g5 31. Bf3 Nd6 32. Bxd5 h5 33. Bf3 Nf5 34. Bxh5 Nxd4 35. cxd4 Kg7 36. d5 Kf8 37. g3 Ke7 38. f4 gxf4 39. gxf4 Kd6 40. Bf3 b5 41. Kg2 bxa4 42. Kg1 axb3 43. Kg2 a5 44. Kf2 a4 45. Ke2 a3 46. Kd2 a2 47. Kc3 a1=Q 48. Kxb3 Qf1 49. Bh5 Qxh3+ 50. Ka2 Qxh5 51. Ka3 Qxd5 52. b3 Qd4 53. b4 Qxf4 54. Ka4 Qh6 55. Ka5 Qf8 56. b5 Qa8+ 57. Kb4 f5 58. Kc4 f4 59. b6 Qc8+ 60. Kb5 Qc5+ 61. Ka6 Kc6 62. b7 Qb6# {
[%emt 0:00:11] VastMellowGhost won by checkmate} 0-1

[Event "Fast Chess"]
[Site "ChessKid.com"]
[Date "2020.04.01"]
[Round "2"]
[White "Georgiev, Maximilian"]
[Black "Halimi, Dorian"]
[Result "1-0"]
[ECO "C62"]
[WhiteElo "1366"]
[BlackElo "862"]
[PlyCount "101"]
[EventDate "2020.??.??"]
[TimeControl "300+10"]
[WhiteClock "0:02:05"]
[BlackClock "0:02:34"]

1. e4 e5 2. Nf3 Nc6 3. Bb5 d6 4. Nc3 Bg4 5. h3 Bxf3 6. Qxf3 Qd7 7. O-O O-O-O 8. Re1 a6 9. Ba4 b5 10. Bb3 b4 11. Nd5 a5 12. Ne3 Nf6 13.
d3 g6 14. Ba4 h5 15. h4 Be7 16. Nd5 Nxd5 17. exd5 Nd4 18. Bxd7+ Rxd7 19. Qd1 Bxh4 20. c3 Nb5 21. cxb4 axb4 22. a4 Na7 23. a5 Bf6 24. Qf3 g5 25. Qxf6 Rh7 26. Qxg5 h4 27. g3 h3 28. Kf1 h2 29. Ke2 Nb5 30. Qg8+ Rd8 31. Qxh7 Nd4+ 32. Ke3 Nc2+ 33. Kd2 Nxa1 34. Qxh2 f6 35. Kd1 c5 36. dxc6 Kc7 37. Qg2 Ra8 38. Bd2 Rxa5 39. Bxb4 Rb5 40. Bc3 Nb3 41. Kc2 Nc5 42. b4 Na6 43. Kb3 f5 44. g4 f4 45. g5 Nb8 46. g6 Kd8 47. g7 Ke8 48. g8=Q+ Ke7 49. Q2g6 Nxc6 50. Q8h7+ Kd8 51. Qgg8# {[%emt 0:00:
11] TallSnazzyBall won by checkmate} 1-0

[Event "Fast Chess"]
[Site "ChessKid.com"]
[Date "2020.04.01"]
[Round "2"]
[White "Hessenberger, Oliver"]
[Black "Sasse, Gabriel"]
[Result "1-0"]
[ECO "C48"]
[WhiteElo "1234"]
[BlackElo "1178"]
[PlyCount "81"]
[EventDate "2020.??.??"]
[TimeControl "300+10"]
[WhiteClock "0:02:40"]
[BlackClock "0:00:19"]

1. e4 e5 2. Nf3 Nc6 3. Nc3 Bc5 4. Bb5 Nf6 5. Bxc6 dxc6 6.
Nxe5 O-O 7. O-O Bd6 8. Nf3 Nh5 9. d3 Qf6 10. Ng5 Qg6 11. Qe1 h6 12. Nf3 Bh3 13. Nh4 Qg4 14. f3 Bc5+ 15. Be3 Bxe3+ 16. Qxe3 Qd7 17. Nf5 Bxf5 18. exf5 Qxf5 19. Qf2 Rae8 20. Rae1 Rxe1 21. Rxe1 c5 22. Nb5 c6 23. Nxa7 Ra8 24. d4 cxd4 25. c3 dxc3 26. bxc3 Qd7 27. g4 Nf6 28. c4 b6 29. a4 Rxa7 30. Rb1 Rxa4 31. Rxb6 Qd1+ 32. Qf1 Qxf1+ 33. Kxf1 Rxc4 34. Rb8+ Kh7 35. Rb7 Kg6 36. h4 Nd5 37. h5+ Kg5 38. Rxf7 Ne3+ 39. Kf2 Nd1+ 40. Kg3 Rc3 41. Rf5# {
[%emt 0:00:13] VastMellowGhost won by checkmate} 1-0

[Event "Fast Chess"]
[Site "ChessKid.com"]
[Date "2020.04.01"]
[Round "2"]
[White "Li, Patrick"]
[Black "Li, Tobias"]
[Result "0-1"]
[ECO "C57"]
[WhiteElo "975"]
[BlackElo "1230"]
[PlyCount "150"]
[EventDate "2020.??.??"]
[TimeControl "300+10"]
[WhiteClock "0:02:00"]
[BlackClock "0:01:17"]

1. e4 e5 2. Nf3 Nc6 3. Nc3 Nf6 4. Bc4 Bc5 5. Ng5 O-O 6.
Nxf7 Rxf7 7. Bxf7+ Kxf7 8. O-O Kg8 9. h3 d6 10. Qf3 Nd4 11. Qd3 Nc6 12. Nd5 Nxd5 13. exd5 Nb4 14. Qc4 Qe8 15. Re1 Qf7 16. Re4 Qxd5 17. Qxd5+ Nxd5 18. Rc4 Nb4 19. c3 b5 20. Rh4 Nc6 21. d3 Bb6 22. Bg5 h6 23. Be3 Kh7 24. Bxb6 axb6 25. f4 exf4 26. Rxf4 Ne7 27. d4 Ng6 28. Re4 c5 29. dxc5 bxc5 30. c4 bxc4 31. Rxc4 Be6 32. Re4 Re8 33. Ra4 Bd7 34. Ra7 Bc8 35. Ra4 Ne5 36. Re4 Bd7 37. Rae1 Bc6 38. Rf4 Nd3 39. Rxe8 Bxe8 40. b3 Nxf4 41. g3 Nxh3+ 42. Kh2 Ng5 43. Kg2 Ne4 44. Kf1 Nd2+ 45. Ke2 Ne4 46. Ke3 Nxg3 47. Kd3 Nf5 48. Kc4 Bg6 49. b4 cxb4 50. a3 bxa3 51. Kb3 a2 52. Kxa2 d5 53. Ka3 d4 54. Ka4 d3 55. Kb3 d2 56. Kc2 h5 57. Kxd2 h4 58.
Ke2 Kh6 59. Kf2 Kh5 60. Kg2 Kg4 61. Kh2 h3 62. Kh1 Kg3 63.
Kg1 Bh7 64. Kh1 Ne7 65. Kg1 Be4 66. Kf1 h2 67. Ke2 h1=Q 68.
Ke3 Qf3+ 69. Kd4 Bg6 70. Kc5 Qd3 71. Kb6 Qc4 72. Kb7 Qc5 73.
Ka8 Qb5 74. Ka7 Nc6+ 75. Ka8 Qb8# {[%emt 0:00:11] OnlyHungryKiwi
won by checkmate} 0-1